 Dungeon Crawl Stone Soup version 0.21.0-3-g78d12a8 (webtiles) character file.

142 MTVSty1e the Chopper (level 5, -8/42 HPs)
             Began as a Minotaur Gladiator on Jan 15, 2018.
             Splashed by Ijyb's acid (12 damage)
             ... on level 3 of the Dungeon.
             The game lasted 00:02:05 (1520 turns).

MTVSty1e the Chopper (Minotaur Gladiator)           Turns: 1520, Time: 00:02:05

Health: -8/42      AC:  5    Str: 19    XL:     5   Next: 4%
Magic:  4/4        EV: 12    Int:  5    God:
Gold:   60         SH:  0    Dex: 14    Spells: 4/4 levels left

rFire    . . .     SeeInvis .   a - +1 war axe
rCold    . . .     Gourm    .   (no shield)
rNeg     . . .     Faith    .   i - +0 ring mail
rPois    .         Spirit   .   c - +0 hat
rElec    .         Reflect  .   (no cloak)
rCorr    .         Harm     .   (no gloves)
MR       .....                  (no boots)
Stlth    ..........             (no amulet)
HPRegen  0.14/turn              j - ring of loudness (curse)
MPRegen  0.09/turn              (no ring)

@: no status effects
A: retaliatory headbutt, horns 2, agile 1, blink
a: Blink


You were on level 3 of the Dungeon.
You were not hungry.

You visited 1 branch of the dungeon, and saw 3 of its levels.

You collected 60 gold pieces.

Inventory:

Hand Weapons
 a - a +1 war axe (weapon)
Missiles
 d - 3 throwing nets (quivered)
Armour
 b - a +0 leather armour
 c - a +0 hat (worn)
 i - a +0 ring mail (worn)
Jewellery
 j - a cursed ring of loudness (left hand)
Scrolls
 e - 2 scrolls of teleportation
 h - a scroll of identify
Potions
 g - a potion of lignification {unknown}
 k - a potion of degeneration
Comestibles
 f - 3 rations


   Skills:
 - Level 2.4 Fighting
 + Level 7.0 Axes
 - Level 2.0 Throwing
 - Level 3.2 Dodging


You had 4 spell levels left.
You didn't know any spells.

Dungeon Overview and Level Annotations

Branches:
Dungeon (3/15)

Altars:

Annotations:
D:3 Ijyb


Innate Abilities, Weirdness & Mutations

You reflexively headbutt those who attack you in melee.
You have a pair of horns on your head.
You are agile. (Dex +2)
You can translocate small distances at will.


Message History

You kill the frilled lizard!
Ijyb hits you but does no damage. Ijyb hits you with a club.
You barely miss Ijyb. You headbutt Ijyb, but do no damage.
Ijyb is moderately wounded.
Ijyb closely misses you. You furiously retaliate!
You headbutt Ijyb. You closely miss Ijyb. Your headbutt misses Ijyb.
Ijyb is heavily wounded.
Ijyb barely misses you.
You barely miss Ijyb.
Ijyb is heavily wounded.
Ijyb hits you but does no damage.
You hit Ijyb. You headbutt Ijyb.
Ijyb is almost dead.
Ijyb misses you. You furiously retaliate!
You headbutt Ijyb, but do no damage. You hit Ijyb but do no damage.
Your headbutt misses Ijyb.
Ijyb is almost dead.
Ijyb zaps a wand.
The bolt of acid hits you!
* * * LOW HITPOINT WARNING * * *
You are splashed with acid!
The acid burns!
You die...

####### ##.....##
### ##.......##
#... #.........#
#..# #......[..#
#).#
#.........#####..#
#...........(#†.#
#.........##.@g#
##.......#####).#
#.........# #..#
#.........# #..#
#.........# #..#
#........)# #..$
#........<# ###
##.......##
##.......


You could see Ijyb.

Vanquished Creatures
  An ice beast (D:2)
  An ooze (D:1)
  A worm (D:2)
  3 leopard geckos
  3 giant cockroaches (D:1)
  7 goblins
  4 hobgoblins
  2 jackals (D:2)
  3 kobolds
  8 bats
  A frilled lizard (D:3)
  A rat (D:2)
35 creatures vanquished.

Vanquished Creatures (others)
  2 kobolds (D:3)
2 creatures vanquished.

Grand Total: 37 creatures vanquished

Notes
Turn   | Place    | Note
-------+----------+-------------------------------------------
     0 | D:1      | MTVSty1e the Minotaur Gladiator began the quest for the Orb.
     0 | D:1      | Reached XP level 1. HP: 18/18 MP: 0/0
   101 | D:1      | Reached skill level 4 in Axes
   135 | D:1      | Reached XP level 2. HP: 25/25 MP: 1/1
   531 | D:1      | Reached skill level 5 in Axes
   698 | D:2      | Reached XP level 3. HP: 28/30 MP: 2/2
   824 | D:2      | Noticed an ice beast
   832 | D:2      | Gained mutation: You are agile. (Dex +2) [potion of mutation]
   832 | D:2      | Gained mutation: You can translocate small distances at will. [potion of mutation]
   836 | D:2      | Killed an ice beast
   836 | D:2      | Reached skill level 6 in Axes
   836 | D:2      | Reached XP level 4. HP: 10/37 MP: 3/3
  1488 | D:3      | Reached XP level 5. HP: 42/42 MP: 4/4
  1502 | D:3      | Noticed Ijyb
  1505 | D:3      | Reached skill level 7 in Axes
  1520 | D:3      | Splashed by Ijyb's acid

Skill      XL: |  1  2  3  4  5 |
---------------+----------------+-----
Axes           | 4 5 6 7 |  7.0
Fighting       | |  2.4
Throwing       | |  2.0
Dodging        | |  3.2

Action                   |  1- 3 |  4- 6 || total
-------------------------+-------+-------++-------
Melee: War axe           |    52 |    20 ||    72
       Headbutt          |     5 |     4 ||     9
  Use: Potion            |     2 |     1 ||     3
       Scroll            |       |     4 ||     4
 Stab: Sleeping          |     1 |       ||     1
  Eat: Chunk             |       |     2 ||     2
Armor: Leather armour    |    16 |     3 ||    19
       Ring mail         |       |     3 ||     3
Dodge: Dodged            |    42 |    16 ||    58
